[Event "CCT Chessable Masters D-II 2024"]
[Site "Online"]
[Date "2024.02.03"]
[Round "2"]
[White "LevonAronian"]
[Black "Sevian, Samuel"]
[Result "1-0"]
[ECO "D45"]
[WhiteElo "2759"]
[BlackElo "2697"]
[Annotator "TA"]
[PlyCount "83"]
[EventDate "2024.01.12"]
[EventType "k.o."]
[EventCountry "NET"]
[SourceTitle "playchess.com"]
[Source "ChessBase"]
[SourceQuality "1"]
[TimeControl "600+2"]

1. d4 Nf6 2. c4 e6 3. Nf3 d5 4. Nc3 c6 5. e3 Be7 6. Bd3 dxc4 7. Bxc4 b5 8. Bd3 Bb7 9. O-O a6 10. e4 c5 11. dxc5 {[%emt 0:00:02] White is slightly better.} Nc6 12. Be3 Ng4 13. Bf4 Bxc5 14. h3 Nf6 15. Rc1 Bb6 16. Qe2 {[%emt 0:01:26] aiming for Rfd1.} O-O 17. e5 Nh5 (17... Nd5 $14 18. Qe4 g6) 18. Be3 $16 Bxe3 19. Qxe3 {[%emt 0:00:00] Black must now prevent Rfd1.} Nb4 20. Rfd1 {[%emt 0:00:29][%cal Od3h7] And now Bxh7+! would win.} Nxd3 21. Rxd3 Qe7 22. Ne4 ({White should play} 22. Rcd1 $1 $16 {Threatens to win with Rd7.} Bxf3 23. Rd7 (23. Qxf3 Qg5 $14) (23. gxf3 Qh4 $15)) 22... Bxe4 (22... f6 $14) 23. Qxe4 g6 {[%emt 0:00:00] Black is weak on the dark squares} 24. Rd6 Ng7 25. Nd4 {[%emt 0:00:01] White has more active pieces.} (25. g4 $16) 25... Nf5 26. Nxf5 exf5 27. Qd4 Rfe8 28. f4 a5 29. a3 ({White should try} 29. Rc5 $16) 29... Rab8 {[%emt 0:00:03] [#]} (29... Rac8 $14 30. Rcc6 Qb7) 30. b4 ({Better is} 30. Rd7 $1 Red8 31. e6 fxe6 32. Rcc7 (32. Rxe7 Rxd4 33. Rcc7 Rxf4 $16)) 30... axb4 31. axb4 Rbc8 32. Rc5 Qa7 $2 {[%emt 0:00:14][%mdl 8192] [#] This move loses the game for Black.} (32... Rb8 $16 33. Kh2 Rb7) 33. e6 $1 $18 {[%emt 0:00:28] Rd7 would kill now.} (33. Rxb5 Qxd4+ 34. Rxd4 Re7 $16) 33... Ra8 34. Kh2 (34. Rxb5 Qxd4+ 35. Rxd4 Ra1+ 36. Kh2 Rxe6 $11) 34... Qe7 35. exf7+ Qxf7 36. Rd7 Re4 37. Qd3 Re3 38. Qxb5 ({Less strong is} 38. Qxe3 Qxd7 39. Qb3+ Qf7 $18) (38. Qd6 $142 Rae8 39. Rxf7 Kxf7 40. Rxb5) 38... Qe6 39. Qb7 {[%emt 0:00:08] White mates.} Re8 40. Rg7+ Kf8 41. Rxh7 Qf6 42. Rcc7 {[%emt 0:00:04] Weighted Error Value: White=0.14 (very precise) /Black=0.55.  Loses game:     	---       	Black=1      Mistake:       	White=4     	Black=3      Inaccurate:     	---       	Black=4      OK:         	White=11    	Black=3      Best:        	White=1     	Black=2      Strong:       	White=1     	---} 1-0

[Event "CCT Chessable Masters D-II 2024"]
[Site "Online"]
[Date "2024.02.03"]
[Round "2"]
[White "Keymer, Vincent"]
[Black "jefferyx"]
[Result "1/2-1/2"]
[ECO "A34"]
[WhiteElo "2743"]
[BlackElo "2692"]
[Annotator "TA"]
[PlyCount "101"]
[EventDate "2024.01.12"]
[EventType "k.o."]
[EventCountry "NET"]
[SourceTitle "playchess.com"]
[Source "ChessBase"]
[SourceQuality "1"]
[TimeControl "600+2"]

1. Nf3 c5 2. c4 Nf6 3. Nc3 d5 4. cxd5 Nxd5 5. e4 Nb4 6. Bc4 Nd3+ 7. Ke2 Nf4+ {[%emt 0:00:08] A34: Symmetrical English: 2 Nc3, lines with ...d5.} 8. Kf1 Nd3 9. Qe2 Nxc1 10. Rxc1 e6 11. h4 Bd7 $146 ({Predecessor:} 11... a6 12. e5 b5 13. Bd3 Ra7 14. a4 Rd7 15. Bb1 b4 16. Ne4 Bb7 17. Qe3 Nc6 {1-0 Vidit,S (2731)-Svidler,P (2683) Nagpur m2 Rapid 2023 (1)}) 12. h5 Bc6 13. Ne5 Bd6 14. Nxc6 Nxc6 15. Bb5 Rc8 16. e5 Bb8 17. h6 g5 18. Ne4 Qd4 19. Rxc5 Bxe5 20. Rh5 f5 21. Rxg5 Ke7 22. Bxc6 bxc6 23. f4 Bf6 24. Nxf6 Qxc5 25. Rg7+ Kxf6 26. Qh5 Qc4+ 27. Kg1 Qd4+ (27... Qxa2 28. Qh4#) 28. Kh1 Qxf4 29. Rf7+ Ke5 30. Qe2+ Qe4 31. Qf2 c5 32. Qg3+ Qf4 33. Qc3+ Kd6 $1 34. Qd3+ Qd4 35. Qa6+ Rc6 36. Qxa7 Qh4+ (36... Qxb2 37. Qd7+ (37. Rxh7 $2 Rxh7 38. Qxh7 Qxd2 $19) 37... Ke5 38. Qxc6 Qxd2 39. Qxc5+ Ke4 40. Qc4+ Ke5 41. Rc7 $11) 37. Kg1 Qe1+ (37... Qxh6 38. Qd7+ Ke5 39. Qxc6 Qxd2 40. Qxc5+ Kf4 41. Qf2+ Qxf2+ 42. Kxf2 $11) 38. Kh2 Qh4+ (38... Qxd2 39. Qd7+ (39. Rxh7 $2 Rxh7 40. Qxh7 Qf4+ 41. g3 Qf2+ 42. Kh1 Rb6 $19) 39... Ke5 40. Qxd2 $18) 39. Kg1 Rd8 (39... Qxh6 40. Qd7+ Ke5 41. Qxc6 Qxd2 42. Qxc5+ Ke4 43. Qc6+ Ke5 44. Kh2 $11) 40. Rxh7 Qe1+ 41. Kh2 Qh4+ 42. Kg1 Qe1+ 43. Kh2 Qe5+ 44. Kh1 Qf6 (44... Qxb2 45. Qe7+ Kd5 46. Qxd8+ Ke4 47. Qh4+ f4 48. Rd7 $18) 45. Kg1 f4 (45... Qxb2 46. Qe7+ Kd5 47. Qxd8+ Rd6 48. Rd7 Qd4+ 49. Kh1 Qa1+ 50. Kh2 Qe5+ 51. Kh3 Rxd7 52. Qxd7+ Kc4 53. Qb7 $18 (53. h7 Qf6 $18)) (45... Qd4+ $142 46. Kh2 Qf4+ (46... Qxb2 $2 47. Qe7+ Kd5 48. Qxd8+ Kc4 49. Rg7 $18) 47. Kg1 Qxd2) 46. Rf7 $19 Qh4 (46... Qxb2 47. Qe7+ (47. Rxf4 $2 Qxd2 48. Qf7 Rc7 $19) 47... Kd5 48. Qxd8+ Rd6 49. Qa8+ Kc4 50. Rxf4+ (50. h7 Qd4+ 51. Kh2 Rd8 $18) 50... Rd4 51. Qa4+ Kd5 52. Rxd4+ cxd4 53. Qb3+ Qxb3 54. axb3) 47. h7 {[%emt 0:00:01] [#]} Qe1+ $2 (47... Ke5 $1 $19 {has better winning chances.} 48. a4 Rh8 (48... Rxd2 49. Qb8+ Kd5 50. Rd7+ Ke4 51. Rxd2 $11)) 48. Kh2 $17 Qh4+ $2 (48... Qxd2 $2 49. Qe7+ (49. Rd7+ Rxd7 50. Qb8+ Rcc7 $11) 49... Ke5 50. Rf8 Rxf8 51. Qxf8 $18) (48... Rcc8 $17 49. Qe7+ Kd5) 49. Kg1 $19 {[%emt 0:00:01] [#]} Qe1+ $2 (49... Ke5 $1 $19 {[%cal Oc6c8] White must now prevent ...Rcc8!} 50. a4 Rh8 (50... Rxd2 51. Qb8+ Kd5 52. Rd7+ Ke4 53. Rxd2 $11)) 50. Kh2 $15 Qh4+ $2 (50... Qxd2 $2 {is the wrong capture.} 51. Qe7+ (51. Rd7+ Rxd7 52. Qb8+ Rcc7 $16) 51... Ke5 52. Rf8 Rxf8 53. Qxf8 $18) (50... Rcc8 $15 51. Qe7+ Kd5) 51. Kg1 1/2-1/2

[Event "CCT Chessable Masters D-II 2024"]
[Site "Online"]
[Date "2024.02.03"]
[Round "2"]
[White "Sevian, Samuel"]
[Black "LevonAronian"]
[Result "1/2-1/2"]
[ECO "C65"]
[WhiteElo "2697"]
[BlackElo "2767"]
[Annotator "TA"]
[PlyCount "94"]
[EventDate "2024.01.12"]
[EventType "k.o."]
[EventCountry "NET"]
[SourceTitle "playchess.com"]
[Source "ChessBase"]
[SourceQuality "1"]
[TimeControl "600+2"]

1. e4 e5 2. Nf3 Nc6 3. Bb5 Nf6 4. d3 Bc5 5. Bxc6 dxc6 6. Nbd2 (6. Nxe5 $2 Qd4 7. Be3 Qxe5 $19) 6... Be6 7. O-O (7. Nxe5 $2 Qd4 8. Rf1 Qxe5 $19) 7... Bd6 8. Nb3 b6 9. Bg5 Qd7 10. Nbd2 Ng4 11. Nc4 Bxc4 12. dxc4 Qe6 13. Qe2 O-O 14. Rad1 Nf6 15. b3 h6 16. Bc1 Rad8 17. h3 Nh5 18. Nh4 Nf4 19. Qf3 g6 {[%emt 0:00:05] Inhibits Nf5.} 20. Rfe1 Bb4 21. c3 {[%emt 0:00:09] [#]} (21. Rxd8 $11 {keeps the balance.} Rxd8 22. Rd1) 21... Rxd1 $1 $17 22. Rxd1 Be7 23. Bxf4 exf4 24. Qxf4 {[%emt 0:00:00] [#]} g5 $1 25. Qxc7 (25. Qg3 $17 Bd6 (25... Qxe4 26. Qf3 $11) 26. Rxd6 (26. e5 $2 Bxe5 27. Qf3 gxh4 $19) 26... cxd6 (26... Qxd6 $2 27. Qxd6 cxd6 28. Nf5 $19) 27. Nf5) 25... gxh4 $19 26. Qxa7 Qxe4 27. Qxb6 Bf6 {[%emt 0:00:04] Inhibits Qd4.} 28. a4 (28. Qe3 $142 Qxe3 29. fxe3) 28... Qe2 29. Rf1 Rd8 (29... Rc8 $19 30. Qa6 Qe6) 30. Qxc6 $17 Rd1 (30... Kg7 $17 {[%cal Od8d3] Strongly threatening ...Rd3!} 31. Qf3 Qxf3 32. gxf3 Bxc3) 31. Qc8+ $11 Kg7 32. Qg4+ Qxg4 33. hxg4 {[%emt 0:00:00][%mdl 4096] Endgame. KRB-KR} Rd3 34. Rc1 Bxc3 35. Kf1 ({White should play} 35. c5 $11) 35... Bd4 {[%emt 0:00:09][%cal Od3d2] And now ...Rd2! would win.} (35... Bb2 36. Rb1 Rd2 (36... Rxb3 37. a5 $16) 37. Re1 $17) 36. c5 Rd2 ({Better is} 36... Rxb3 $17 {...Be5 is the strong threat.} 37. c6 Rb8 (37... Rb2 $2 38. c7 $18)) 37. Rc4 {[%emt 0:00:07] The position is equal.} Rxf2+ (37... Bxf2 38. c6 Bg3 39. c7 Bxc7 40. Rxc7 $18) 38. Ke1 Bxc5 39. Rxc5 Rxg2 {[%emt 0:00:01] KR-KR} 40. Rc3 Kg6 41. b4 Rb2 (41... Rxg4 42. Rb3 $17) 42. b5 Kg5 43. Kf1 Kxg4 {[%emt 0:00:01] aiming for ...f5.} 44. Rc4+ Kg3 45. Rc3+ Kg4 {[%emt 0:00:01] Threatens to win with ...f5.} 46. Rc4+ Kg3 47. Rc3+ Kg4 {[%emt 0:00:01] And White is the lucky defender.   Weighted Error Value: White=0.13 (very precise) /Black=0.13 (very precise) .  Mistake:       	White=4     	Black=3      Inaccurate:     	White=1     	---        OK:         	White=16    	Black=14     Best:        	White=7     	Black=4      Strong:       	---       	Black=2} 1/2-1/2

[Event "CCT Chessable Masters D-II 2024"]
[Site "Online"]
[Date "2024.02.03"]
[Round "2"]
[White "jefferyx"]
[Black "Keymer, Vincent"]
[Result "0-1"]
[ECO "E32"]
[WhiteElo "2693"]
[BlackElo "2743"]
[Annotator "TA"]
[PlyCount "42"]
[EventDate "2024.01.12"]
[EventType "k.o."]
[EventCountry "NET"]
[SourceTitle "playchess.com"]
[Source "ChessBase"]
[SourceQuality "1"]
[TimeControl "600+2"]

1. d4 Nf6 2. c4 e6 3. Nc3 Bb4 4. Nf3 d6 5. Qc2 O-O 6. a3 Bxc3+ 7. Qxc3 Re8 8. g3 e5 9. dxe5 dxe5 {[%emt 0:00:00] White has an edge.} 10. Bg5 (10. Nxe5 $5 Qe7 11. Bf4 $14) 10... Nc6 11. Bg2 h6 12. Rd1 Qe7 13. Bxf6 Qxf6 14. b4 Bg4 15. h3 Bxf3 16. Bxf3 (16. Qxf3 {simplifies} Qxf3 17. Bxf3 e4 18. Bg2) 16... Rad8 17. Bd5 Nd4 18. Be4 (18. Bxb7 $2 {too greedy.} c6 19. Rc1 Qf5 $19) 18... c6 19. h4 {[%emt 0:00:05] [#] Repels Qg5} (19. e3 $11) 19... Qe6 $1 $17 {[%emt 0:00:22] Black is more active.} 20. e3 $2 (20. Rd2 $15) 20... Qg4 $19 21. Bd3 {[%emt 0:00:58] Prevents Qe2+.} (21. Qd3 f5 22. Bd5+ cxd5 23. exd4) 21... e4 {[%emt 0:00:22] Weighted Error Value: White=0.71/Black=0.03 (flawless) .  Loses game:     	White=1     	---        Mistake:       	White=2     	---        Inaccurate:     	---       	Black=1      OK:         	White=7     	Black=6      Best:        	---       	Black=1      Strong:       	---       	Black=1} 0-1

[Event "CCT Chessable Masters D-II 2024"]
[Site "Online"]
[Date "2024.02.03"]
[Round "2"]
[White "Sam_ChessMood"]
[Black "GMBenjaminBok"]
[Result "1/2-1/2"]
[ECO "C65"]
[WhiteElo "2661"]
[BlackElo "2650"]
[Annotator "ChessBase"]
[PlyCount "101"]
[EventDate "2024.01.12"]
[EventType "k.o."]
[EventCountry "NET"]
[SourceTitle "playchess.com"]
[Source "ChessBase"]
[SourceQuality "1"]
[TimeControl "600+2"]

1. e4 e5 2. Nf3 Nc6 3. Bb5 Nf6 4. d3 Bc5 5. c3 O-O 6. O-O d5 7. exd5 Qxd5 8. Bc4 Qd8 9. Nbd2 h6 10. b4 Bd6 11. a4 Re8 12. Ne4 Nxe4 13. dxe4 Qe7 14. Be3 Be6 15. Nd2 a5 16. b5 Nd8 17. Qe2 Bc5 18. Rfd1 b6 19. Nf1 Nb7 20. Bd5 Bxd5 21. Rxd5 Rad8 22. c4 Rxd5 23. cxd5 Bxe3 24. Nxe3 g6 25. Rc1 Nc5 26. Rc4 h5 27. Qc2 Kg7 28. Nd1 Qg5 29. Nb2 f5 30. Nd3 Nxe4 31. Rxc7+ Kh6 32. Rc6 Nf6 33. g3 Nxd5 34. h4 Qe7 35. Qd2+ f4 36. Nxf4 exf4 37. Qxd5 fxg3 38. Qd2+ Kh7 39. fxg3 Qe1+ 40. Qxe1 Rxe1+ 41. Kf2 Re4 42. Rxb6 Rxa4 43. Ra6 Ra3 44. b6 Rb3 45. Rxa5 Rxb6 46. Ra3 Kh6 47. Rc3 Rb2+ 48. Kf3 Rb6 49. Kf2 Rb2+ 50. Kf3 Rb6 51. Kf2 1/2-1/2

[Event "CCT Chessable Masters D-II 2024"]
[Site "Online"]
[Date "2024.02.03"]
[Round "2"]
[White "Sam_ChessMood"]
[Black "GMBenjaminBok"]
[Result "0-1"]
[ECO "C54"]
[WhiteElo "2661"]
[BlackElo "2650"]
[Annotator "ChessBase"]
[PlyCount "128"]
[EventDate "2024.01.12"]
[EventType "k.o."]
[EventCountry "NET"]
[SourceTitle "playchess.com"]
[Source "ChessBase"]
[SourceQuality "1"]
[TimeControl "600+2"]

1. e4 e5 2. Nf3 Nc6 3. Bc4 Bc5 4. c3 Nf6 5. d3 d6 6. O-O a5 7. Nbd2 O-O 8. h3 Be6 9. Bb5 Ba7 10. Re1 Ne7 11. d4 Ng6 12. Bf1 c6 13. a4 h6 14. Qc2 Re8 15. b3 Qc7 16. Bb2 d5 17. exd5 Bxd5 18. Nxe5 Nxe5 19. dxe5 Rxe5 20. c4 Rxe1 21. Rxe1 Qf4 22. Re2 Re8 23. Rxe8+ Nxe8 24. Nb1 Be4 25. Qd2 Qxf2+ 26. Qxf2 Bxf2+ 27. Kxf2 Bxb1 28. Bc3 Bc2 29. Bxa5 Bxb3 30. Ke3 Bxa4 31. Kd4 b5 32. c5 Bb3 33. g3 Be6 34. Bg2 Bd7 35. h4 f6 36. Bc3 Nc7 37. Bb4 Kf7 38. Bf3 g5 39. hxg5 hxg5 40. Ba5 Ne6+ 41. Ke3 Nxc5 42. Bb4 Ne6 43. Bh5+ Kg7 44. Bg4 Nc5 45. Bf3 Nb7 46. Be4 Nd8 47. Be7 Nf7 48. Bc5 Nh6 49. Bc2 Kf7 50. Bb3+ Be6 51. Bc2 Nf5+ 52. Kf2 Ne7 53. Bd3 Bd5 54. Ke3 Ke6 55. Bc2 Nf5+ 56. Kf2 Nd6 57. Ke3 Nb7 58. Bb6 c5 59. Bh7 b4 60. Bc7 Kd7 61. Bb8 Nd6 62. Ba7 Kc6 63. Kd2 Nb5 64. Bb8 Kb7 0-1

[Event "CCT Chessable Masters D-II 2024"]
[Site "Online"]
[Date "2024.02.03"]
[Round "2"]
[White "GMBenjaminBok"]
[Black "Sam_ChessMood"]
[Result "1-0"]
[ECO "E62"]
[WhiteElo "2658"]
[BlackElo "2653"]
[Annotator "ChessBase"]
[PlyCount "119"]
[EventDate "2024.01.12"]
[EventType "k.o."]
[EventCountry "NET"]
[SourceTitle "playchess.com"]
[Source "ChessBase"]
[SourceQuality "1"]
[TimeControl "600+2"]

1. d4 Nf6 2. c4 d6 3. Nf3 g6 4. g3 Bg7 5. Bg2 O-O 6. Nc3 c6 7. e4 Bg4 8. O-O Nbd7 9. h3 Bxf3 10. Bxf3 e5 11. d5 Qe7 12. Be3 h5 13. Qd2 c5 14. Rab1 Rac8 15. Bg5 a6 16. Kg2 Qe8 17. Be3 Rc7 18. g4 Kh7 19. Ne2 b5 20. cxb5 axb5 21. gxh5 c4 22. Ng3 Nc5 23. Rh1 Nd3 24. h4 Nf4+ 25. Bxf4 exf4 26. Qxf4 Nd7 27. Qxd6 Be5 28. hxg6+ fxg6 29. Qe6 Qxe6 30. dxe6 Nc5 31. h5 Nxe6 32. hxg6+ Kxg6 33. Bg4 Nf4+ 34. Kf3 c3 35. Bf5+ Kg5 36. Rbg1 Kf6 37. Rh6+ Ke7 38. Rh7+ Rf7 39. Rxf7+ Kxf7 40. bxc3 Rxc3+ 41. Kg4 Rc2 42. Nh5 Nxh5 43. Kxh5 Rxa2 44. Rb1 Bb2 45. f4 b4 46. e5 Bc3 47. Kg4 Rf2 48. Be4 Bd2 49. Bf3 Bc3 50. Kg3 Rd2 51. Kg4 Rd4 52. Kf5 Rd2 53. Be4 Rf2 54. Rh1 Bd2 55. Rh7+ Kg8 56. Rh4 Kg7 57. Rg4+ Kf8 58. Ke6 Bxf4 59. Bh7 Bg5 60. Rxg5 1-0

[Event "CCT Chessable Masters D-II 2024"]
[Site "Online"]
[Date "2024.02.03"]
[Round "2"]
[White "GMBenjaminBok"]
[Black "Sam_ChessMood"]
[Result "1/2-1/2"]
[ECO "E11"]
[WhiteElo "2650"]
[BlackElo "2661"]
[Annotator "ChessBase"]
[PlyCount "94"]
[EventDate "2024.01.12"]
[EventType "k.o."]
[EventCountry "NET"]
[SourceTitle "playchess.com"]
[Source "ChessBase"]
[SourceQuality "1"]
[TimeControl "600+2"]

1. d4 Nf6 2. c4 e6 3. Nf3 d5 4. g3 Bb4+ 5. Bd2 Be7 6. Bg2 O-O 7. O-O Nbd7 8. Qc2 c6 9. Bf4 b6 10. Nbd2 Nh5 11. Be5 Bb7 12. e4 Rc8 13. Rfe1 Nxe5 14. dxe5 d4 15. c5 Bxc5 16. Nb3 Bb4 17. Red1 c5 18. a3 Ba5 19. Qe2 Qe7 20. Nfxd4 cxd4 21. Qxh5 Ba6 22. Nxd4 b5 23. Rac1 Rxc1 24. Rxc1 Bb6 25. Nc6 Qd7 26. Qd1 Qxd1+ 27. Rxd1 Bb7 28. Ne7+ Kh8 29. Rd7 Ba8 30. Bf1 a6 31. Bd3 g6 32. b4 Kg7 33. Rd6 Rb8 34. Kg2 Bc7 35. Rxa6 Bxe5 36. Nc6 Bxc6 37. Rxc6 Bb2 38. Ra6 Rd8 39. Bxb5 Rd2 40. Kf1 Bd4 41. Be2 Rb2 42. b5 Rb1+ 43. Kg2 Rb2 44. Kf3 Rb3+ 45. Kg2 Rb2 46. Kf3 Rb3+ 47. Kg2 Rb2 1/2-1/2

[Event "CCT Chessable Masters D-II 2024"]
[Site "Online"]
[Date "2024.02.04"]
[Round "3"]
[White "Sibelephant"]
[Black "LevonAronian"]
[Result "1/2-1/2"]
[ECO "D76"]
[WhiteElo "2789"]
[BlackElo "2769"]
[Annotator "TA"]
[PlyCount "60"]
[EventDate "2024.01.12"]
[EventType "k.o."]
[EventCountry "NET"]
[SourceTitle "playchess.com"]
[Source "ChessBase"]
[SourceQuality "1"]
[TimeControl "600+2"]

1. d4 Nf6 2. c4 g6 3. g3 Bg7 4. Bg2 O-O 5. Nc3 Nc6 6. Nf3 d5 7. cxd5 Nxd5 8. O-O Nb6 9. d5 Na5 10. Qc2 c6 11. dxc6 Nxc6 12. Rd1 Qe8 13. Be3 Bf5 {[%emt 0:00:26] Inhibits Qe4.} 14. Qc1 Rc8 15. Bxb6 axb6 16. Qe3 {[%emt 0:00:06] [#]} b5 $1 17. a3 ({Of course not} 17. Nxb5 Bxb2 18. Qh6 Bg7 $19 (18... Bxa1 19. Ng5 Kh8 20. Qxh7#)) 17... Na5 {[%emt 0:01:20] White must now prevent ...Nc4.} 18. Nd2 Bc2 {[%emt 0:04:07][%cal Og7c3] Strongly threatening ...Bxc3! This pair of bishops is nice.} 19. Rdc1 Bxc3 20. bxc3 (20. Rxc2 $2 {loses.} Bxd2 21. Rxd2 Nc4 $19) 20... Ba4 21. Qh6 Qd7 22. Nf3 {[%emt 0:00:39] [#] Threatening mate with Ng5.} e6 23. Rab1 Nc4 (23... Qe7 $5) 24. Rb4 f5 25. h4 {[%emt 0:00:13][%cal Bh2h4,Bh4h5][%mdl 32] The position is equal.} e5 26. h5 {[%emt 0:00:18][%cal Ob4c4] Rxc4! would now be deadly.} Qg7 27. Qg5 Qf6 28. Qh6 {[%emt 0:00:04] And now Ng5 would win.} Qg7 29. Qg5 Qf6 30. Qh6 {[%emt 0:00:00] Hoping for Ng5.} Qg7 {[%emt 0:00:02] Weighted Error Value: White=0.04 (flawless) /Black=0.05 (flawless) .  Inaccurate:     	---       	Black=1      OK:         	White=9     	Black=10     Best:        	---       	Black=1      Brilliant:      	---       	Black=1} 1/2-1/2

[Event "CCT Chessable Masters D-II 2024"]
[Site "Online"]
[Date "2024.02.04"]
[Round "3"]
[White "LevonAronian"]
[Black "Sibelephant"]
[Result "1-0"]
[ECO "C90"]
[WhiteElo "2760"]
[BlackElo "2798"]
[Annotator "RC"]
[PlyCount "69"]
[EventDate "2024.01.12"]
[EventType "k.o."]
[EventCountry "NET"]
[SourceTitle "playchess.com"]
[Source "ChessBase"]
[SourceQuality "1"]
[TimeControl "600+2"]

1. e4 e5 2. Nf3 Nc6 3. Bb5 a6 4. Ba4 Nf6 5. O-O Be7 6. Re1 b5 7. Bb3 O-O 8. d3 d6 9. c3 Na5 10. Bc2 c5 11. d4 cxd4 12. cxd4 Bg4 13. d5 Nd7 14. Nbd2 Bg5 15. Bd3 Nc5 16. Bf1 Bxd2 17. Bxd2 Nc4 18. Bb4 Nxb2 19. Qb1 Nba4 20. Nd2 Qb6 21. Re3 Bd7 22. Nf3 f5 23. exf5 Bxf5 24. Qe1 a5 25. Bd2 Nb2 26. Nh4 Bd3 27. Rb1 Bxb1 28. Qxb1 Nca4 29. Nf3 Rxf3 30. Rxf3 Nc4 31. Qf5 Qc7 32. Bd3 g6 33. Qe6+ Kg7 34. Qf6+ Kg8 35. Bh6 1-0

[Event "CCT Chessable Masters D-II 2024"]
[Site "Online"]
[Date "2024.02.04"]
[Round "3"]
[White "Keymer, Vincent"]
[Black "GMBenjaminBok"]
[Result "1-0"]
[ECO "D02"]
[WhiteElo "2743"]
[BlackElo "2674"]
[Annotator "TA"]
[PlyCount "51"]
[EventDate "2024.01.12"]
[EventType "k.o."]
[EventCountry "NET"]
[SourceTitle "playchess.com"]
[Source "ChessBase"]
[SourceQuality "1"]
[TimeControl "600+2"]

1. d4 Nf6 2. Nf3 d5 3. e3 e6 4. Nbd2 b6 5. Bb5+ c6 6. Bd3 c5 7. b3 Bb7 8. Bb2 {[%emt 0:00:04] The position is equal.} Nc6 9. O-O Bd6 10. dxc5 bxc5 11. e4 {[%emt 0:00:16] Strongly threatening e5.} Bc7 (11... Be7 $11 {deserves consideration.}) 12. exd5 (12. Bxf6 $1 $14 {is superior.} gxf6 13. Qe2) 12... Nxd5 $11 13. Ne4 Qe7 14. Bxg7 Rg8 15. c4 Rxg7 (15... f5 $1 $15 16. Nxc5 Qxc5 (16... Qxg7 17. g3 $17) 17. cxd5 Qxd5) 16. cxd5 exd5 {[%emt 0:00:20] [#]} (16... Nb4 $11 {keeps the balance.}) 17. Ng3 $1 $16 Bxg3 18. hxg3 {[%emt 0:00:11] Re1 would now be deadly.} Kf8 19. Re1 Qd6 20. Rc1 Nb4 (20... Rd8 $16 {might work better.} 21. Qe2 Ba8) 21. Bb1 d4 22. a3 Nd5 {[%emt 0:00:05] [#]} 23. b4 $1 cxb4 24. axb4 ({Resist} 24. Nxd4 Qf6 25. Nf5 Nc3) 24... Nxb4 25. Nxd4 {[%emt 0:00:05][%cal Od4e6] Ne6+! is the strong threat.} Rg5 $2 {[%emt 0:00:22] [#]} (25... Rd8) 26. Ne6+ $1 {[%emt 0:00:07][%mdl 512] Weighted Error Value: White=0.07 (flawless) /Black=0.32.  Mistake:       	White=1     	Black=5      Inaccurate:     	White=1     	---        OK:         	White=8     	Black=8      Best:        	White=1     	---        Strong:       	White=1     	---        Brilliant:      	White=1     	---} 1-0

[Event "CCT Chessable Masters D-II 2024"]
[Site "Online"]
[Date "2024.02.04"]
[Round "3"]
[White "GMBenjaminBok"]
[Black "Keymer, Vincent"]
[Result "1/2-1/2"]
[ECO "E08"]
[WhiteElo "2672"]
[BlackElo "2743"]
[Annotator "TA"]
[PlyCount "29"]
[EventDate "2024.01.12"]
[EventType "k.o."]
[EventCountry "NET"]
[SourceTitle "playchess.com"]
[Source "ChessBase"]
[SourceQuality "1"]
[TimeControl "600+2"]

1. d4 Nf6 2. c4 e6 3. Nf3 d5 4. g3 Bb4+ 5. Bd2 Be7 6. Bg2 O-O 7. O-O c6 8. Qc2 Nbd7 9. Rd1 b6 10. Bf4 Bb7 11. Ne5 Nh5 12. Bd2 Nhf6 13. Bf4 {[%emt 0:00:24] The position is equal.} Nh5 14. Bd2 Nhf6 15. Bf4 {[%emt 0:04:44] Not much happened in this game.   Weighted Error Value: White=0.02 (flawless) /Black=0.00 (flawless) .  OK:         	---       	Black=1} 1/2-1/2

[Event "CCT Chessable Masters D-II 2024"]
[Site "Online"]
[Date "2024.02.05"]
[Round "4"]
[White "LevonAronian"]
[Black "Keymer, Vincent"]
[Result "0-1"]
[ECO "C54"]
[WhiteElo "2777"]
[BlackElo "2743"]
[Annotator "RC"]
[PlyCount "114"]
[EventDate "2024.01.12"]
[EventType "k.o."]
[EventCountry "NET"]
[SourceTitle "playchess.com"]
[Source "ChessBase"]
[SourceQuality "1"]
[TimeControl "600+2"]

1. e4 e5 2. Nf3 Nc6 3. Bc4 Nf6 4. d3 Bc5 5. O-O a6 6. c3 Ba7 7. Re1 O-O 8. Nbd2 d6 9. Nf1 Ng4 10. Re2 Na5 11. Bg5 Qe8 12. h3 Nxf2 13. Rxf2 Bxf2+ 14. Kxf2 Nxc4 15. dxc4 f5 16. exf5 Bxf5 17. Kg1 Qg6 18. Ng3 Be6 19. h4 Bxc4 20. h5 Qd3 21. b3 Qxd1+ 22. Rxd1 Be6 23. h6 Bg4 24. Rd3 gxh6 25. Bxh6 Rf6 26. Nh2 Bd7 27. Bd2 Raf8 28. Rf3 Rg6 29. Rxf8+ Kxf8 30. Ngf1 Bc6 31. Ne3 Ke7 32. Kf2 Ke6 33. g4 Be4 34. a3 d5 35. Nef1 c5 36. g5 d4 37. Ng3 Bc2 38. b4 e4 39. Bf4 cxb4 40. axb4 dxc3 41. Ne2 Kd5 42. Ng4 Bd3 43. Ne3+ Kc6 44. Nxc3 b6 45. Nf5 Kd7 46. Ke3 a5 47. bxa5 bxa5 48. Nd4 Ra6 49. Na4 Ke8 50. Be5 Kf7 51. Nc5 Ra8 52. Nb5 Bxb5 53. Nxe4 Bc6 54. Nc5 a4 55. Kf4 a3 56. Kf5 a2 57. Ba1 Ra5 0-1

[Event "CCT Chessable Masters D-II 2024"]
[Site "Online"]
[Date "2024.02.05"]
[Round "4"]
[White "Keymer, Vincent"]
[Black "LevonAronian"]
[Result "1-0"]
[ECO "E61"]
[WhiteElo "2743"]
[BlackElo "2777"]
[Annotator "RC"]
[PlyCount "129"]
[EventDate "2024.01.12"]
[EventType "k.o."]
[EventCountry "NET"]
[SourceTitle "playchess.com"]
[Source "ChessBase"]
[SourceQuality "1"]
[TimeControl "600+2"]

1. d4 Nf6 2. c4 g6 3. g3 Bg7 4. Bg2 O-O 5. Nc3 Nc6 6. e3 d6 7. Nge2 e5 8. O-O exd4 9. exd4 Bd7 10. h3 a6 11. Bg5 h6 12. Be3 Rb8 13. Qd2 Kh7 14. Rac1 Ne7 15. g4 b5 16. b3 b4 17. Nd1 d5 18. Ng3 Bc6 19. f3 Nd7 20. Nf2 Re8 21. Nd3 a5 22. Bf2 Nf8 23. Ne5 dxc4 24. Nxc6 c3 25. Nxd8 cxd2 26. Rc4 Rbxd8 27. Rd1 Ne6 28. Rxd2 c5 29. Ne2 Rd7 30. f4 Red8 31. d5 Nxd5 32. f5 gxf5 33. gxf5 Nd4 34. Rxc5 Nxe2+ 35. Rxe2 Nf4 36. Re4 Rd1+ 37. Kh2 Nd3 38. Rc2 Nxf2 39. Rxf2 Bd4 40. Rfe2 Bc5 41. h4 Rg8 42. Re1 Bd6+ 43. Kh1 Rd2 44. R1e2 Rd1+ 45. Re1 Rxe1+ 46. Rxe1 Kg7 47. Rd1 Bg3 48. Rd4 Kf6 49. Bf3 Rc8 50. Kg2 Be5 51. Rc4 Rxc4 52. bxc4 a4 53. Be4 Bd4 54. Bc2 a3 55. Kf3 Ke5 56. h5 Bc5 57. Ke2 Kd4 58. Bb3 Be7 59. c5 Bxc5 60. Bxf7 Ke5 61. Be6 b3 62. Bxb3 Kxf5 63. Kd3 Be7 64. Bd1 Bf8 65. Kc4 1-0